 Dungeon Crawl Stone Soup version 0.29.1-13-g9f3cf754e1 (webtiles) character file.

Game seed: 4874301696684500295

45686 KittyFluff the Basher (level 14, -2/91 HPs)
             Began as a Gargoyle Berserker on Jan 20, 2023.
             Was the Champion of Trog.
             Slain by a death yak (11 damage)
             ... on level 5 of the Lair of Beasts.
             The game lasted 01:25:40 (17288 turns).

KittyFluff the Basher (Gargoyle Berserker)         Turns: 17288, Time: 01:25:41

Health: -2/91      AC: 34    Str: 23    XL:     14   Next: 34%
Magic:  14/14      EV: 14    Int: 12    God:    Trog [******]
Gold:   603        SH:  7    Dex: 15    Spells: 13/13 levels left

rFire   . . .      SeeInvis .   a - +7 mace of Bursting Doom {flame, Int+3 Dex+4}
rCold   + + .      Faith    .   n - +0 buckler
rNeg    + . .      Spirit   .   x - +2 scale mail {rC+}
rPois   ∞          Reflect  .   S - +2 helmet
rElec   +          Harm     .   (no cloak)
rCorr   .          Rampage  .   f - +2 pair of gloves
Will    +....                   O - +0 pair of boots
Stlth   ++........              (no amulet)
HPRegen 0.25/turn               d - +4 ring of protection
MPRegen 0.14/turn               p - ring of protection from cold

@: on berserk cooldown, flying, slowed, studying Shields, very slow
A: sickness immunity, AC +10, big wings, negative energy resistance 1,
electricity resistance, torment resistance 1, petrification resistance
a: Renounce Religion, Berserk, Trog's Hand, Brothers in Arms


You were on level 5 of the Lair of Beasts.
You worshipped Trog.
Trog was exalted by your worship.
You visited 2 branches of the dungeon, and saw 15 of its levels.
You also visited: Ice Cave.

You collected 1037 gold pieces.
You spent 434 gold pieces at shops.

Inventory:

Hand Weapons
 a - the +7 mace of Bursting Doom (weapon) {flame, Int+3 Dex+4}
   (You bought it in a shop on level 4 of the Dungeon)

   It burns those it strikes, dealing additional fire damage.
   Int:       It affects your intelligence (+3).
   Dex:       It affects your dexterity (+4).
 e - a +4 dire flail
 V - a +1 sling of flaming
 W - a +5 morningstar
Missiles
 r - 2 curare-tipped darts
 C - 6 datura-tipped darts
 K - 8 boomerangs (quivered)
 Q - 11 poisoned darts
 R - 16 javelins
Armour
 f - a +2 pair of gloves (worn)
 g - an orb of light
 k - a +2 chain mail of willpower
 n - a +0 buckler (worn)
 w - a +0 plate armour of cold resistance
 x - a +2 scale mail of cold resistance (worn)
 A - +0 acid dragon scales
 N - the +5 scale mail of the Twisting Gods {Regen+}
   (You found it on level 9 of the Dungeon)

   Regen:     It increases your rate of health regeneration.
 O - a +0 pair of boots (worn)
 S - a +2 helmet (worn)
Jewellery
 b - a +4 ring of protection
 d - a +4 ring of protection (left hand)
 m - a ring of protection from fire
 p - a ring of protection from cold (right hand)
 M - a ring of willpower
 P - a ring of fire
 U - a ring of positive energy
 Z - a ring of resist corrosion
Wands
 s - a wand of flame (8)
 E - a wand of polymorph (14)
 F - a wand of roots (16)
 Y - a wand of charming (5)
Scrolls
 c - 2 scrolls of fog
 i - 5 scrolls of fear
 j - 2 scrolls of blinking {unknown}
 o - 4 scrolls of torment
 y - a scroll of magic mapping {unknown}
 B - a scroll of immolation
 D - 3 scrolls of teleportation
 H - a scroll of enchant armour
 J - a scroll of poison
 T - 3 scrolls of brand weapon
 X - 3 scrolls of enchant weapon
Potions
 h - 5 potions of haste
 l - 4 potions of mutation
 q - 3 potions of resistance
 t - 3 potions of lignification
 u - 4 potions of invisibility
 v - 9 potions of curing
 z - 2 potions of brilliance {unknown}
 G - 3 potions of might {unknown}
 I - a potion of magic {unknown}
 L - 2 potions of heal wounds {unknown}


   Skills:
 + Level 11.8 Fighting
 + Level 14.6 Maces & Flails
 + Level 2.6 Throwing
 * Level 12.4 Armour
 + Level 8.4 Dodging
 + Level 5.1 Stealth
 + Level 10.0 Shields


You had 13 spell levels left.
You didn't know any spells.
Your spell library was empty.

Dungeon Overview and Level Annotations

Branches:
Dungeon (10/15)            Temple (0/1) D:4            Lair (5/5) D:8
 Shoals (0/4) Lair:3        Snake (0/4) Lair:2        Slime (0/5) Lair:4
    Orc (0/2) D:9           IceCv (visited)

Altars:
Fedhas
Yredelemnul
Zin
Jiyva

Shops:
D:3 :   D:4 (   D:6 (   D:10 =

Annotations:
D:5 Pikel
D:8 1 transporter
Lair:4 2 transporters, hawla's ghost, journeyman MeFE


Innate Abilities, Weirdness & Mutations

You are immune to sickness and miasma.
Your stone body is resilient. (AC +10)
You are immune to poison.
Your large and strong wings let you fly.
You resist negative energy. (rN+)
You are resistant to electric shocks. (rElec)
You are resistant to unholy torment.
You are immune to petrification.


Message History

You sock the death yak! You burn the death yak.
The death yak is heavily wounded.
The death yak gores you but does no damage.
You sock the death yak! You burn the death yak.
The death yak is heavily wounded.
The death yak gores you!
You barely miss the death yak.
The death yak is heavily wounded.
The death yak is no longer petrified.
The death yak closely misses you.
The death yak gores you but does no damage.
You hit the death yak. You burn the death yak.
The death yak is heavily wounded.
You block the death yak's attack. x2
You hit the death yak. You burn the death yak.
The death yak is severely wounded.
The death yak gores you!
* * * LOW HITPOINT WARNING * * *
You block the death yak's attack.
You hit the death yak but do no damage.
The death yak is severely wounded.
The death yak gores you!
* * * LOW HITPOINT WARNING * * *
The death yak completely misses you.
You sock the death yak! You burn the death yak.
The death yak is almost dead.
The death yak gores you but does no damage. x2
You hit the death yak but do no damage.
The death yak is almost dead.
The death yak gores you but does no damage. x2
You sock the death yak! You burn the death yak.
The death yak is almost dead.
The death yak misses you. The death yak closely misses you.
The death yak barely misses you.
The death yak gores you but does no damage.
You barely miss the death yak.
The death yak is almost dead.
The death yak gores you!
* * * LOW HITPOINT WARNING * * *
The death yak gores you!
You die...

###### ##P...#######
######...........##
###..##†.P.......÷..##
#....Y@Y#######......##
##....### ###.....#
#....÷. ###.P.#
##..÷.... ###..
#.#......# ##.
#.##...### #. #. #...
## #. .÷.. # #


You could see 2 death yaks.

Vanquished Creatures
  A reaper (IceCv)
  Josephine (Lair:5)
  6 hydras
  2 boulder beetles
  A catoblepas (Lair:5)
  A two-headed ogre (D:9)
  2 death yaks
  18 elephants
  A molten gargoyle (Lair:5)
  8 black mambas
  2 ice statues (IceCv)
  7 cane toads
  Psyche (D:8)
  3 rime drakes
  Joseph (D:8)
  A freezing wraith (IceCv)
  11 komodo dragons
  4 anaconda simulacra (IceCv)
  4 ice devils (IceCv)
  2 polar bears
  13 blink frogs
  6 dream sheep (Lair:4)
  2 shadows (D:10)
  2 wyverns
  3 wraiths (Lair:5)
  36 yaks
  A vampire (D:9)
  2 dire elephant simulacra (IceCv)
  A basilisk (Lair:3)
  3 steam dragons
  A death yak simulacrum (IceCv)
  Menkaure (D:7)
  2 harpy simulacra (IceCv)
  16 water moccasins
  2 hydra simulacra (IceCv)
  An acid dragon (D:9)
  4 black bears
  4 ice beasts
  2 orc warriors
  A sky beast (D:8)
  15 wolves
  4 centaurs
  A lemure (D:5)
  3 kobold brigands
  8 bullfrogs
  A two-headed ogre simulacrum (IceCv)
  2 scorpions
  2 gnoll sergeants
  A cane toad simulacrum (IceCv)
  13 wights
  3 killer bees (D:9)
  4 howler monkeys
  6 hounds
  11 jellies
  4 orc priests
  5 iguanas
  5 orc wizards
  6 hell rats (Lair:4)
  3 gnolls (D:5)
  8 adders
  A white imp (IceCv)
  An ufetubus (IceCv)
  3 dart slugs
  A worm (D:2)
  34 orcs
  5 ball pythons
  10 endoplasms
  A giant cockroach (D:3)
  7 goblins
  7 hobgoblins
  3 jackals (D:2)
  2 quokkas
  17 bats
  3 frilled lizards
  20 kobolds
  10 rats
  A bush (D:5)
411 creatures vanquished.

Vanquished Creatures (others)
  18 fungi
  28 plants
46 creatures vanquished.

Grand Total: 457 creatures vanquished

Notes
Turn   | Place    | Note
-------+----------+-------------------------------------------
     0 | D:1      | KittyFluff the Gargoyle Berserker began the quest for the
                  | Orb.
     0 | D:1      | Reached XP level 1. HP: 14/14 MP: 1/1
   246 | D:1      | Reached XP level 2. HP: 19/19 MP: 2/2
   526 | D:1      | You fall into a shaft and drop 1 floor!
   705 | D:2      | Reached XP level 3. HP: 24/24 MP: 3/3
   725 | D:2      | Reached ** piety under Trog
  1143 | D:1      | Reached XP level 4. HP: 29/29 MP: 4/4
  1230 | D:1      | Found a faded altar of an unknown god.
  1466 | D:2      | Reached skill level 4 in Maces & Flails
  2182 | D:3      | Found Fexze's Book Boutique.
  2229 | D:3      | Reached XP level 5. HP: 15/33 MP: 5/5
  3103 | D:4      | Reached skill level 5 in Maces & Flails
  3103 | D:4      | Reached XP level 6. HP: 27/38 MP: 6/6
  3345 | D:4      | Found a staircase to the Ecumenical Temple.
  3399 | D:4      | Found Usotzira's Antique Weapon Shop.
  3407 | D:4      | Reached skill level 1 in Stealth
  3407 | D:4      | Reached skill level 1 in Shields
  3581 | D:4      | Bought a pitted mace for 184 gold pieces
  3581 | D:4      | Identified the +7 mace of Bursting Doom {flame, Int+3
                  | Dex+4} (You bought it in a shop on level 4 of the Dungeon)
  3716 | D:4      | Reached *** piety under Trog
  3833 | D:5      | Entered Level 5 of the Dungeon
  3846 | D:5      | Reached XP level 7. HP: 34/44 MP: 7/7
  3985 | D:5      | Reached skill level 6 in Maces & Flails
  4245 | D:5      | Reached skill level 5 in Fighting
  4427 | D:5      | Noticed Pikel
  5164 | D:6      | Reached XP level 8. HP: 49/49 MP: 8/8
  5231 | D:6      | Found a basalt altar of Yredelemnul.
  5240 | D:6      | Found a glowing silver altar of Zin.
  5389 | D:6      | Reached skill level 7 in Maces & Flails
  5390 | D:6      | Reached skill level 5 in Armour
  5502 | D:6      | Found Yxzyn's Antique Weapon Boutique.
  5615 | D:6      | Bought a fine mace for 160 gold pieces
  5615 | D:6      | Identified the +7 mace of Paupta {vorpal, rPois} (You
                  | bought it in a shop on level 6 of the Dungeon)
  5841 | D:7      | Reached **** piety under Trog
  6194 | D:7      | Reached XP level 9. HP: 52/55 MP: 9/9
  6230 | D:7      | Reached skill level 8 in Maces & Flails
  6321 | D:7      | Noticed Menkaure
  6329 | D:7      | Killed Menkaure
  6616 | D:7      | Found a blossoming altar of Fedhas.
  6962 | D:8      | Found a staircase to the Lair.
  7040 | D:8      | Noticed Joseph
  7054 | D:8      | Killed Joseph
  7086 | D:8      | Reached skill level 9 in Maces & Flails
  7326 | D:8      | Found a transporter.
  7537 | D:8      | Reached XP level 10. HP: 55/61 MP: 10/10
  7723 | D:8      | Noticed Psyche
  7744 | D:8      | Killed Psyche
  8018 | D:6      | Bought a runed sling for 90 gold pieces
  8213 | D:8      | Reached skill level 10 in Maces & Flails
  8610 | D:9      | Found a staircase to the Orcish Mines.
  8797 | D:9      | Noticed a two-headed ogre
  8812 | D:9      | Killed a two-headed ogre
  8959 | D:9      | Identified the +5 scale mail of the Twisting Gods {Regen+}
  9026 | D:10     | Entered Level 10 of the Dungeon
  9417 | D:10     | Found Jaoni's Jewellery Shoppe.
  9436 | D:10     | Reached skill level 5 in Dodging
  9849 | D:10     | Reached XP level 11. HP: 67/67 MP: 11/11
 10483 | D:10     | Reached skill level 11 in Maces & Flails
 10610 | D:10     | Reached ***** piety under Trog
 10888 | Lair:1   | Entered Level 1 of the Lair of Beasts
 11826 | Lair:1   | Reached skill level 12 in Maces & Flails
 12387 | Lair:2   | Reached XP level 12. HP: 29/75 MP: 12/12
 12443 | Lair:2   | Identified the +12 long sword of the Neverending Curses
                  | {holy, rF- Str+2 Int+4}
 12495 | Lair:2   | Noticed a boulder beetle
 12528 | Lair:2   | Killed a boulder beetle
 12546 | Lair:2   | Noticed an eight-headed hydra
 12558 | Lair:2   | Killed an eight-headed hydra
 12613 | Lair:2   | Reached skill level 10 in Armour
 12623 | Lair:2   | Identified the +10 hand axe of Voiwkas {vamp, rElec}
 12674 | Lair:2   | Reached skill level 1 in Throwing
 12929 | Lair:2   | Found a staircase to the Snake Pit.
 12953 | Lair:2   | Reached skill level 13 in Maces & Flails
 12953 | Lair:2   | Reached skill level 5 in Shields
 13074 | Lair:3   | Noticed an eight-headed hydra
 13074 | Lair:3   | Noticed a death yak
 13089 | Lair:2   | Killed a death yak
 13162 | Lair:3   | Killed an eight-headed hydra
 13329 | Lair:3   | Noticed a six-headed hydra
 13343 | Lair:3   | Killed a six-headed hydra
 13446 | Lair:3   | Identified a scroll of acquirement
 13446 | Lair:3   | Acquired a manual of Shields
 13463 | Lair:3   | You fall into a shaft and drop 1 floor!
 13609 | Lair:3   | Found a staircase to the Shoals.
 13863 | Lair:3   | Reached XP level 13. HP: 71/81 MP: 13/13
 14316 | Lair:4   | Reached skill level 10 in Fighting
 14374 | Lair:4   | Found a transporter.
 14382 | Lair:4   | Found a transporter.
 14387 | Lair:4   | Noticed hawla's ghost (journeyman MeFE)
 14494 | Lair:4   | Found a viscous altar of Jiyva.
 14495 | Lair:4   | Found a staircase to the Slime Pits.
 14578 | Lair:4   | Reached ****** piety under Trog
 14816 | Lair:4   | Reached skill level 14 in Maces & Flails
 15150 | Lair:5   | Entered Level 5 of the Lair of Beasts
 15256 | Lair:4   | Received a gift from Trog
 15614 | Lair:5   | Noticed Josephine
 15644 | Lair:5   | Killed Josephine
 15695 | Lair:5   | Found a frozen archway.
 15740 | IceCv    | Entered an ice cave
 15846 | IceCv    | Gained mutation: Your large and strong wings let you fly.
                  | [Gargoyle growth]
 15846 | IceCv    | Reached XP level 14. HP: 72/90 MP: 14/14
 15996 | IceCv    | Reached skill level 5 in Stealth
 16403 | IceCv    | Noticed a reaper
 16423 | IceCv    | Killed a reaper
 17263 | Lair:5   | Received a gift from Trog
 17264 | Lair:5   | Reached skill level 10 in Shields
 17288 | Lair:5   | Slain by a death yak

Illustrated notes

Levels and vault maps discovered:
D:1:      matt_arrival_diagonals, layout_basic,
          shapermc_ecumenical_altar_flowoftime, minmay_quantized
D:2:      layout_basic
D:3:      layout_basic, serial_shops, shop
D:4:      layout_rooms, temple_fountains, serial_shops, nicolae_square_shop
D:5:      layout_loops_ring, kb_lookout_dungeons_type, uniq_pikel
D:6:      layout_rooms, mainiacjoe_overflow_swirl, serial_shops, shop,
          minmay_misc_feat_chi, grunt_ministairs_11
D:7:      layout_loops_ring, nicolae_overflow_crystal_walls, uniq_menkaure
D:8:      minmay_the_grid_square_5x5_3x3 [minmay_the_grid_square_5x5_eight,
          minmay_the_grid_square_5x5_percent,
          minmay_the_grid_square_5x5_inner_z, minmay_the_grid_square_5x5_slash,
          minmay_the_grid_square_5x5_megaprize_hollow,
          minmay_the_grid_square_5x5_two_walls_a,
          minmay_the_grid_square_5x5_fat_x,
          minmay_the_grid_square_5x5_six_small,
          minmay_the_grid_square_5x5_sharp_hourglass], layout_loops_ring,
          lair_entry_dummy, nicolae_diode_basic, uniq_psyche, uniq_joseph
D:9:      layout_gridville, orc_0_dummy, st_stairs_6
D:10:     layout_layer_cave, serial_shops, nicolae_shop_waterfront, st_stairs_8
Lair:1:   layout_roguey, beast_lair_carwin_4
Lair:2:   layout_gridlike, minmay_snake_entry_six_corridors
Lair:3:   layout_cave_shapes, elwin_shoals_entry_rocks,
          small_statue_intersection, st_stairs_3, roderic_batcave,
          evilmike_ambush [evilmike_ambush_outer_basic,
          evilmike_ambush_inner_pond]
Lair:4:   layout_long_grid, nicolae_slime_entry_slimehenge, nzn_ghost_randoct,
          grunt_megastairs_2
Lair:5:   grunt_lair_end_beastmaster, layout_gridlike, portal_ice_cave_rime,
          grunt_megastairs_3, lemuel_fruit_fields, uniq_josephine

Skill      XL: |  1  2  3  4  5  6  7  8  9 10 11 12 13 14 |
---------------+-------------------------------------------+-----
Maces & Flails | 4 5 6 7 9 10 12 13 14 | 14.6
Fighting       | 4 5 6 7 8 9 11 | 11.8
Armour         | 3 4 5 6 8 9 10 12 | 12.4
Dodging        | 2 3 4 5 6 7 8 |  8.4
Stealth        | 1 3 4 5 |  5.1
Shields        | 1 2 3 4 6 9 10 | 10.0
Throwing       | 1 2 |  2.6

Action                   |  1- 3 |  4- 6 |  7- 9 | 10-12 | 13-15 || total
-------------------------+-------+-------+-------+-------+-------++-------
Melee: Mace              |    99 |   160 |   253 |   661 |   695 ||  1868
Throw: Stone             |       |       |       |     3 |       ||     3
       Boomerang         |       |       |       |    11 |    20 ||    31
Invok: Berserk           |       |     1 |       |     3 |     3 ||     7
  Use: Scroll            |       |       |     6 |    11 |     6 ||    23
       Potion            |       |       |       |     1 |       ||     1
 Stab: Sleeping          |       |       |     3 |     2 |     1 ||     6
       Distracted        |       |       |       |     2 |     1 ||     3
Armor: Animal skin       |    19 |       |       |       |       ||    19
       Leather armour    |    34 |    76 |   107 |    57 |       ||   274
       Acid dragon scale |       |       |       |    97 |       ||    97
       Skin              |       |       |       |     9 |       ||     9
       Scale mail        |       |       |       |   252 |   380 ||   632
Dodge: Dodged            |    65 |    76 |   133 |   380 |   349 ||  1003
Block: Buckler           |    10 |    30 |    38 |   158 |   178 ||   414
